 Dungeon Sprint DCSS version 0.30-a0-177-g1cb5dbfd7a (webtiles) character file.

Game seed: 3912067089065033420

2400 mhtbhm the Basher (level 9, -3/68 HPs)
             Began as a Gargoyle Berserker on Oct 2, 2022.
             Was a High Priest of Trog.
             Slain by a tentacle (15 damage)
             ... attached to a kraken
             ... in the Dungeon (Sprint II: "The Violet Keep of Menkaure").
             The game lasted 00:03:33 (1278 turns).

mhtbhm the Basher (Gargoyle Berserker)              Turns: 1278, Time: 00:03:34

Health: -3/68      AC: 13    Str: 24    XL:     9   Next: 46%
Magic:  8/8        EV: 13    Int:  7    God:    Trog [*****.]
Gold:   455        SH:  0    Dex:  9    Spells: 8/8 levels left

rFire   + . .      SeeInvis .    a - +0 mace
rCold   . . .      Faith    .    (no shield)
rNeg    + + +      Spirit   .    b - +1 ring mail of the Lotus Blossom {-Tele rF+ rN++}
rPois   ∞          Reflect  .    (no helmet)
rElec   +          Harm     .    (no cloak)
rCorr   .          Rampage  .    (no gloves)
Will    .....      NoTele   +    (no boots)
Stlth   ..........               (no amulet)
HPRegen 0.31/turn                (no ring)
MPRegen 0.11/turn                (no ring)

@: silenced, on berserk cooldown, slowed, very slow
A: sickness immunity, AC +6, negative energy resistance 1, electricity
resistance, torment resistance 1, petrification resistance, low MP 1, weak 1
a: Renounce Religion


You were in the Dungeon.
You worshipped Trog.
Trog was extremely pleased with you.
You visited 1 branch You collected 949 gold pieces.
You spent 494 gold pieces at shops.

Inventory:

Hand Weapons
 a - a +0 mace (weapon)
Missiles
 j - a throwing net
 m - 11 poisoned darts (quivered)
Armour
 b - the +1 ring mail of the Lotus Blossom (worn) {-Tele rF+ rN++}
   (You found it in the Dungeon)

   rF:        It protects you from fire.
   rN:        It greatly protects you from negative energy.
   -Tele:     It prevents most forms of teleportation.
Scrolls
 h - 2 scrolls of blinking
 k - 2 scrolls of silence
 p - 3 scrolls of identify {unknown}
 q - a scroll of fog {unknown}
 r - a scroll of magic mapping {unknown}
 u - a scroll of enchant weapon {unknown}
Potions
 c - 2 potions of curing
 d - a potion of heal wounds
 e - 4 potions of haste
 f - 5 potions of magic
 g - a potion of berserk rage
 i - 2 potions of might
 l - a potion of brilliance {unknown}
 n - 2 potions of lignification {unknown}
 o - 3 potions of resistance {unknown}
 s - 4 potions of flight {unknown}
 t - a potion of attraction {unknown}


   Skills:
 + Level 13.2 Fighting
 + Level 14.3 Maces & Flails
 + Level 6.8 Armour
 + Level 7.7 Dodging
 + Level 0.7 Stealth


You had 8 spell levels left.
You didn't know any spells.
Your spell library was empty.

Dungeon Overview and Level Annotations

Branches:
Dungeon (1/1)

Altars:
Cheibriados
Dithmenos
Elyvilon
Fedhas
Gozag
Hepliaklqana
Kikubaaqudgha
Makhleb
Nemelex Xobeh
Okawaru
Qazlal
Ru
Sif Muna
Trog
Uskayaw
Vehumet
Wu Jian
Xom
Yredelemnul
Zin
The Shining One
Jiyva
Lugonu

Shops:
D :(?:[=*=[!:!(=!

Annotations:
D exclusion: oklob plant


Innate Abilities, Weirdness & Mutations

You are immune to sickness and miasma.
Your stone body is resilient. (AC +6)
You are immune to poison.
You resist negative energy. (rN+)
You are resistant to electric shocks. (rElec)
You are resistant to unholy torment.
You are immune to petrification.
Your magical capacity is low. (-10% MP)
You are weak. (Str -2)


Message History

The tentacle barely misses you.
A tentacle rises from the water!
You hit the tentacle.
The tentacle is moderately wounded.
You are no longer berserk.
You are exhausted.
You feel yourself slow down. The tentacle slaps you!
The tentacle slaps you but does no damage.
You hit the tentacle but do no damage.
The tentacle is moderately wounded.
The tentacle slaps you!
The tentacle slaps you but does no damage.
The tentacle completely misses you. The tentacle barely misses you.
You are too injured to fight recklessly!
You are too injured to fight recklessly!
You are too injured to fight recklessly!
You are too injured to fight recklessly!
You are too injured to fight recklessly!
You are too injured to fight recklessly!
You are too injured to fight recklessly!
You are too injured to fight recklessly!
You are too injured to fight recklessly!
You are too injured to fight recklessly!
You are too injured to fight recklessly!
You are too injured to fight recklessly!
You are too injured to fight recklessly!
You are too injured to fight recklessly!
You are too injured to fight recklessly!
You are too injured to fight recklessly!
You are too injured to fight recklessly!
You are too injured to fight recklessly!
Unknown command.
As you read the scroll labelled LOZUMP ECITU, it crumbles to dust.
A profound silence engulfs you.
It was a scroll of silence.
The tentacle closely misses you.
The tentacle slaps you but does no damage.
The tentacle slaps you!
* * * LOW HITPOINT WARNING * * *
The tentacle barely misses you. The tentacle barely misses you.
The tentacle slaps you!
You die...

#|:▓[.)(..[.▓▓ #.
#[}▓.[..[...▓▓
+.####)°▓...[)...▓▓
...####▓.[.)[[..▓▓
#..##.#▓.).(()=.▓▓
+..#..#▓)[.[....▓▓
#..#..#▓.:[....(▓▓
###..##)#▓.)..(..[▓▓
.###...##▓▓▓▓▓▓▓@▓▓▓▓+▓
...~~~~~~~~~~~~§§wwX≈≈▓
§..~#+########'###Vww≈▓
~..~#....._..#~~~##≈≈≈▓
~~.~#...._._.#~~≈§####▓
~§~~#..._._._#~~~~§##
§~~~#.._._._.#§§~§§≈#
§≈§~#._._._._#§§§§~§+
##≈≈#_._._._.#§~~§§~#


You could see a kraken (unsilenced) and 4 tentacles.

Vanquished Creatures
  A yaktaur (D)
  3 polar bears (D)
  A hornet (D)
  3 neqoxecs (D)
  Menkaure (D)
  3 water moccasins (D)
  4 necrophages (D)
  4 scorpions (D)
  2 lava snakes (D)
  A hell rat (D)
  A tentacle (D)
24 creatures vanquished.

Vanquished Creatures (others)
  A neqoxec (D)
  A water moccasin (D)
  4 tentacles (D)
6 creatures vanquished.

Grand Total: 30 creatures vanquished

Notes
Turn   | Place    | Note
-------+----------+-------------------------------------------
     0 | D        | mhtbhm the Gargoyle Berserker began the quest for the Orb.
     0 | D        | Reached XP level 1. HP: 14/14 MP: 1/1
     1 | D        | Noticed a necrophage
     1 | D        | Noticed a necrophage
     1 | D        | Noticed a necrophage
     1 | D        | Noticed a necrophage
     9 | D        | Killed a necrophage
    10 | D        | Reached skill level 5 in Fighting
    10 | D        | Reached skill level 5 in Maces & Flails
    10 | D        | Reached XP level 2. HP: 22/22 MP: 2/2
    10 | D        | Reached XP level 3. HP: 27/27 MP: 3/3
    16 | D        | Killed a necrophage
    17 | D        | Reached skill level 6 in Maces & Flails
    17 | D        | Reached XP level 4. HP: 34/34 MP: 4/4
    17 | D        | Reached XP level 5. HP: 38/38 MP: 5/5
    26 | D        | Reached ** piety under Trog
    27 | D        | Reached skill level 7 in Maces & Flails
    34 | D        | Reached skill level 8 in Maces & Flails
    34 | D        | Reached XP level 6. HP: 16/45 MP: 6/6
   135 | D        | Noticed a boulder beetle
   135 | D        | Noticed a boulder beetle
   151 | D        | Reached skill level 9 in Maces & Flails
   151 | D        | Reached skill level 5 in Armour
   257 | D        | Reached *** piety under Trog
   275 | D        | Reached skill level 10 in Fighting
   275 | D        | Reached skill level 10 in Maces & Flails
   275 | D        | Reached XP level 7. HP: 43/52 MP: 7/7
   311 | D        | Noticed a neqoxec
   314 | D        | Gained mutation: You are weak. (Str -2) [a neqoxec]
   321 | D        | Killed a neqoxec
   322 | D        | Reached skill level 5 in Dodging
   375 | D        | Noticed a neqoxec
   383 | D        | Killed a neqoxec
   384 | D        | Reached skill level 11 in Maces & Flails
   392 | D        | Noticed a neqoxec
   398 | D        | Gained mutation: Your magical capacity is low. (-10% MP) [a
                  | neqoxec]
   406 | D        | Killed a neqoxec
   406 | D        | Reached **** piety under Trog
   439 | D        | Killed a neqoxec
   442 | D        | Found Heppeas's Jewellery Emporium.
   442 | D        | Found Faesumm's Distillery.
   443 | D        | Found Hisa's Antique Armour Shoppe.
   443 | D        | Found Aneykhli's Jewellery Emporium.
   443 | D        | Found Dabirang's General Store.
   444 | D        | Found Baim Sak's Antique Armour Shoppe.
   456 | D        | Identified the +1 ring mail of the Lotus Blossom {-Tele rF+
                  | rN++}
   558 | D        | Found Rytas's Book Shoppe.
   558 | D        | Found Peaf's Book Emporium.
   559 | D        | Found Utzupha's Magic Scroll Shoppe.
   559 | D        | Found Vitsodo's Antique Weapon Emporium.
   560 | D        | Found Lonu's Antique Weapon Shoppe.
   560 | D        | Found Nead's Jewellery Emporium.
   561 | D        | Found Util's Distillery.
   561 | D        | Found Wuorasof's Distillery.
   564 | D        | Noticed Menkaure
   564 | D        | Noticed a fire dragon
   564 | D        | Noticed an oklob plant
   565 | D        | Found Jousagg's Book Shoppe.
   565 | D        | Noticed a shining eye
   565 | D        | Noticed a shining eye
   571 | D        | Noticed a shining eye
   579 | D        | Killed Menkaure
   580 | D        | Reached XP level 8. HP: 40/60 MP: 7/7
   583 | D        | Noticed a slime creature
   583 | D        | Noticed a slime creature
   629 | D        | Bought a potion of haste for 130 gold pieces
   631 | D        | Bought 2 potions of heal wounds for 130 gold pieces
   631 | D        | Bought a potion of haste for 130 gold pieces
   631 | D        | Bought a potion of might for 52 gold pieces
   631 | D        | Bought a potion of might for 52 gold pieces
   659 | D        | Found a blossoming altar of Fedhas.
   660 | D        | Found a white marble altar of Elyvilon.
   660 | D        | Found an opulent altar of Gozag.
   660 | D        | Found a burning altar of Makhleb.
   661 | D        | Found a sparkling altar of Nemelex Xobeh.
   662 | D        | Found a shadowy altar of Dithmenos.
   662 | D        | Found a corrupted altar of Lugonu.
   662 | D        | Found a hide-covered altar of Uskayaw.
   663 | D        | Found an iron altar of Okawaru.
   663 | D        | Found a radiant altar of Vehumet.
   676 | D        | Found a snail-covered altar of Cheibriados.
   676 | D        | Found an ancient bone altar of Kikubaaqudgha.
   676 | D        | Found a bloodstained altar of Trog.
   677 | D        | Found a viscous altar of Jiyva.
   677 | D        | Found a shimmering blue altar of Sif Muna.
   678 | D        | Found a hazy altar of Hepliaklqana.
   678 | D        | Found a sacrificial altar of Ru.
   679 | D        | Found a stormy altar of Qazlal.
   679 | D        | Found an ornate altar of the Wu Jian Council.
   680 | D        | Noticed a yaktaur
   680 | D        | Noticed a hornet
   680 | D        | Noticed a polar bear
   680 | D        | Noticed a polar bear
   686 | D        | Killed a polar bear
   687 | D        | Reached skill level 12 in Maces & Flails
   688 | D        | Noticed a polar bear
   697 | D        | Killed a polar bear
   707 | D        | Killed a hornet
   707 | D        | Reached ***** piety under Trog
   708 | D        | Reached skill level 13 in Maces & Flails
   712 | D        | Killed a polar bear
   713 | D        | Reached XP level 9. HP: 32/66 MP: 8/8
   727 | D        | Killed a yaktaur
   827 | D        | Found a shimmering altar of Xom.
   843 | D        | Reached skill level 14 in Maces & Flails
   978 | D        | Noticed a kraken
   979 | D        | Found a glowing golden altar of the Shining One.
   979 | D        | Found a basalt altar of Yredelemnul.
   980 | D        | Found a glowing silver altar of Zin.
  1009 | D        | Noticed a sixfirhy
  1278 | D        | Slain by a tentacle

Illustrated notes

Levels and vault maps discovered:
D:        the_violet_keep_of_menkaure [sprint2_stairs_cluster_1,
          sprint2_shoproom, sprint2_temple, sprint2_basic_supplies,
          sprint2_obstacle_7, sprint2_obstacle_5, sprint2_obstacle_2,
          sprint2_obstacle_1, sprint2_obstacle_4, sprint2_timed_cluster_1,
          sprint2_smallroom_cluster_1, sprint2_smallroom_final_cluster_1,
          sprint2_transparent_cluster_1, sprint2_second_timed_cluster_1,
          sprint2_sniper_area_1, sprint2_heavy_combat_area_1,
          sprint2_mutation_trap_area_1, sprint2_forest_area_1,
          sprint2_light_combat_area_1, sprint2_behind_water_1,
          sprint2_near_end_vault_1]

Skill      XL: |  1  2  3  4  5  6  7  8  9 |
---------------+----------------------------+-----
Fighting       | 5 7 8 10 11 12 13 | 13.2
Maces & Flails | 5 6 8 10 11 13 14 | 14.3
Armour         | 3 4 5 6 |  6.8
Dodging        | 2 3 4 5 7 |  7.7
Stealth        | |  0.7

Action                   |  1- 3 |  4- 6 |  7- 9 || total
-------------------------+-------+-------+-------++-------
Melee: Mace              |    14 |    46 |   150 ||   210
       Punch             |       |     1 |     1 ||     2
Throw: Dart              |       |       |     2 ||     2
Invok: Berserk           |     1 |       |     3 ||     4
  Use: Potion            |       |       |     2 ||     2
       Scroll            |       |       |     1 ||     1
Armor: Animal skin       |       |    11 |     5 ||    16
       Ring mail         |       |       |    34 ||    34
Dodge: Dodged            |     8 |    24 |    74 ||   106

Table legend: (Time is in decaauts)
 A = Elapsed time spent in this place.
 B = Non-inter-level travel time spent in this place.
 C = Inter-level travel time spent in this place.
 D = Time resting spent in this place.
 E = Time spent auto-exploring this place.
 F = Levels seen in this place.
 G = Mean time per level.
                   A        B        C        D        E       F      G
               +--------+--------+--------+--------+--------+-----+--------+
         Total |   1319 |   1319 |      0 |    698 |     56 |   1 | 1319.0 |
       Dungeon |   1319 |   1319 |      0 |    698 |     56 |   1 | 1319.0 |
               +--------+--------+--------+--------+--------+-----+--------+

Top non-repeatable levels by time:
       D: 1319 daAuts
